 Dungeon Sprint DCSS version 0.27-a0-394-g49c82dfaf2 (webtiles) character file.

Game seed: 3446946623784009015

900000 hittemvvvvvhard the Shield-Bearer (level 1, -19/18 HPs)
             Began as a Formicid Fighter on Feb 20, 2021.
             Was an Initiate of Makhleb.
             Demolished by a bag of meat
             ... wielding a +9 war axe
              (33 damage)
             ... in the Dungeon (Sprint VIII: "Arena of Blood").
             The game lasted 00:00:12 (9 turns).

hittemvvvvvhard the Shield-Bearer (Formicid Fighter)   Turns: 9, Time: 00:00:12

Health: -19/18     AC:  6    Str: 20    XL:     1   Next: 0%
Magic:  1/1        EV:  7    Int:  7    God:    Makhleb [......]
Gold:   0          SH:  9    Dex: 10    Spells: 0/0 levels left

rFire    . . .     SeeInvis +   h - +∞ Axe of Woe
rCold    . . .     Faith    .   c - +0 kite shield
rNeg     . . .     Spirit   .   b - +0 scale mail
rPois    .         Reflect  .   (helmet unavailable)
rElec    .         Harm     .   (no cloak)
rCorr    .         Rampage  .   (no gloves)
Will     .....                  (no boots)
Stlth    ..........             (no amulet)
HPRegen  0.06/turn              (no ring)
MPRegen  0.07/turn              (no ring)

@: no status effects
A: permanent stasis, dig shafts and tunnels, four strong arms, antennae 3
a: Dig, Renounce Religion


You were in the Dungeon.
You worshipped Makhleb.
Makhleb was noncommittal.
You visited 1 branch

Inventory:

Hand Weapons
 a - a +0 war axe
 h - the +∞ Axe of Woe (weapon)
   (You found it in the Dungeon)
Armour
 b - a +0 scale mail (worn)
 c - a +0 kite shield (worn)
Potions
 d - a potion of might
 e - a potion of curing
 f - a potion of heal wounds
 g - 2 potions of magic


   Skills:
 - Level 3.2 Fighting
 + Level 2.0 Axes
 - Level 3.2 Armour
 - Level 3.6 Shields


You couldn't memorise any spells.
You didn't know any spells.
Your spell library was empty.

Dungeon Overview and Level Annotations

Branches:
Dungeon (1/1)

Altars:
Makhleb


Innate Abilities, Weirdness & Mutations

You cannot be hasted, slowed, berserked, paralysed or teleported.
You can dig through walls and to a lower floor.
Your four strong arms can wield two-handed weapons with a shield.
You have a pair of large antennae on your head. (SInv)


Message History

-- -- -- Vessel of Makhleb, -- -- You are the unmaker, -- -- You bring the rapture, -- -- The murmurs of the thralls rise... -- -- The theatre of blood begins. -- -- -- ------------------------------------------------------------------------------ ------------------------------------------------------------------------------ Welcome, hittemvvvvvhard the Formicid Fighter.
Found the +∞ Axe of Woe.
Found four burning altars of Makhleb.
Found a staircase leading out of the dungeon.
h - the +∞ Axe of Woe (weapon)
You hear a shout! x5
A bag of meat comes into view. It is wielding a +9 war axe.
You hear a shout! x3
A bag of meat comes into view. It is wielding a +9 war axe.
You hear a shout! x2
There is a burning altar of Makhleb here.
You kneel at the altar of Makhleb.
Makhleb welcomes you!
The bag of meat shouts!
You hear a shout! x4 2 orcs come into view.
The bag of meat shouts! x2; You hear a shout! x11
You hear a shout! x5
There is a staircase leading out of the dungeon here.
You hear a shout! x9
A bag of meat comes into view. It is wielding a +9 war axe.
You hear a shout!
You hear a shout! x2
A meat berserker comes into view. It is wielding a +9 battleaxe.
You hear a shout! x4
A bag of meat comes into view. It is wielding a +9 war axe.
The meat berserker moves out of view.
You hear a shout!
You hear a shout! x8
A bag of meat comes into view. It is wielding a +9 war axe.
The bag of meat shouts!
You slash the bag of meat!
You pulverise the bag of meat into a thin bloody mist.
You kill the bag of meat!
You hear a shout! x8
The bag of meat hits you with a +9 war axe.
You hear a shout!
The bag of meat hits you with a +9 war axe!!
Ouch! That really hurt!
You die...

..... .. #...
.# . #... ..#
..###... ..###.
......###......
....._......
#.....# #_o@._#
#ooo..#
....O_......
......###..o...
..###... ..###.
. #... ..# #o..
.# ..... ..

Notes
Turn   | Place    | Note
-------+----------+-------------------------------------------
     0 | D        | Found the +∞ Axe of Woe
     0 | D        | hittemvvvvvhard the Formicid Fighter began the quest for
                  | the Orb.
     0 | D        | Reached XP level 1. HP: 18/18 MP: 1/1
     1 | D        | Noticed a bag of meat
     2 | D        | Noticed a bag of meat
     3 | D        | Became a worshipper of Makhleb the Destroyer
     4 | D        | Noticed a bag of meat
     4 | D        | Noticed a bag of meat
     6 | D        | Noticed a bag of meat
     7 | D        | Noticed a meat berserker
     7 | D        | Noticed a bag of meat
     8 | D        | Noticed a bag of meat
     9 | D        | Killed a bag of meat
     9 | D        | Demolished by a bag of meat

Table legend: (Time is in decaauts)
 A = Elapsed time spent in this place.
 B = Non-inter-level travel time spent in this place.
 C = Inter-level travel time spent in this place.
 D = Time resting spent in this place.
 E = Time spent auto-exploring this place.
 F = Levels seen in this place.
 G = Mean time per level.
                   A        B        C        D        E       F      G
               +--------+--------+--------+--------+--------+-----+--------+
         Total |      8 |      8 |      0 |      0 |      0 |   1 |    8.0 |
       Dungeon |      8 |      8 |      0 |      0 |      0 |   1 |    8.0 |
               +--------+--------+--------+--------+--------+-----+--------+

Top non-repeatable levels by time:
       D: 8 daAuts

Table legend:
 A = Kills in this place as a percentage of kills in entire the game.
 B = Kills by you in this place as a percentage of kills by you in the entire game.
 C = Kills by friends in this place as a percentage of kills by friends in the entire game.
 D = Other kills in this place as a percentage of other kills in the entire game.
 E = Experience gained in this place as a percentage of experience gained in the entire game.
 F = Experience gained in this place divided by the number of levels of this place that you have seen.
                   A       B       C       D       E      F
               +-------+-------+-------+-------+-------+----------------------
         Total | 100.0 | 100.0 |   N/A |   N/A | 100.0 | 18760.0
       Dungeon | 100.0 | 100.0 |   N/A |   N/A | 100.0 | 18760.0
               +-------+-------+-------+-------+-------+----------------------

Action                   || total
-------------------------++-------
Melee: Executioner's axe ||     1

Vanquished Creatures
  An orc (D)
1 creature vanquished. You could see a meat berserker (berserk) and 6 bags of meat.

Levels and vault maps discovered:
D:        meatsprint
